 Dungeon Crawl Stone Soup version 0.24-a0-282-g1a68c91 (webtiles) character file.

Game seed: 12782947951130764315

456 Lanoc the Chopper (level 6, -3/56 HPs)
             Began as a Minotaur Fighter on May 3, 2019.
             Slain by Menkaure (17 damage)
             ... on level 4 of the Dungeon.
             The game lasted 00:04:23 (1653 turns).

Lanoc the Chopper (Minotaur Fighter)                Turns: 1653, Time: 00:04:23

Health: -3/56      AC: 10    Str: 25    XL:     6   Next: 77%
Magic:  5/5        EV:  7    Int:  5    God:
Gold:   111        SH: 10    Dex: 12    Spells: 5/5 levels left

rFire    . . .     SeeInvis .   a - +1 war axe
rCold    . . .     Gourm    .   c - +0 shield
rNeg     . . .     Faith    .   h - +1 chain mail {MR+}
rPois    .         Spirit   .   (helmet restricted)
rElec    .         Reflect  .   (no cloak)
rCorr    .         Harm     .   (no gloves)
MR       +....                  (no boots)
Stlth    ..........             (no amulet)
HPRegen  0.18/turn              (no ring)
MPRegen  0.09/turn              (no ring)

@: mighty
A: retaliatory headbutt, horns 2
a: no special abilities


You were on level 4 of the Dungeon.
You were not hungry.

You visited 1 branch of the dungeon, and saw 4 of its levels.

You collected 111 gold pieces.

Inventory:

Hand Weapons
 a - a +1 war axe (weapon)
Armour
 c - a +0 shield (worn)
 e - the +0 leather armour "Fiorru Citsa" {+Inv MR+ rCorr}
   (You found it on level 4 of the Dungeon)

   It affects your resistance to hostile enchantments.
   It lets you turn invisible.
   It provides partial protection from all sources of acid and corrosion.
 h - a +1 chain mail of magic resistance (worn)
Scrolls
 b - 2 scrolls of identify
 g - a scroll of amnesia {unknown}
Potions
 i - a potion of agility
 j - a potion of haste {unknown}
 m - a potion of curing {unknown}
 p - a potion of flight {unknown}
Comestibles
 f - 4 rations
 q - 5 chunks of flesh


   Skills:
 + Level 5.1 Fighting
 * Level 5.7 Axes
 + Level 5.2 Armour
 + Level 3.1 Dodging
 - Level 4.0 Shields


You had 5 spell levels left.
You didn't know any spells.
Your spell library was empty.

Dungeon Overview and Level Annotations

Branches:
Dungeon (4/15)
 Temple: D:4-7

Altars:

Annotations:
D:4 Menkaure


Innate Abilities, Weirdness & Mutations

You reflexively headbutt those who attack you in melee.
You have a pair of horns on your head.


Message History

Menkaure is lightly damaged.
Menkaure calls on the powers of darkness!
Your body is wracked with pain!
* * * LOW HITPOINT WARNING * * *
Menkaure hits you!
* * * LOW HITPOINT WARNING * * *
You feel much better.
Menkaure grins.
Menkaure calls on the powers of darkness!
Your body is wracked with pain!
* * * LOW HITPOINT WARNING * * *
You feel very mighty all of a sudden. Menkaure casts a spell at you.
Pain shoots through your body!
* * * LOW HITPOINT WARNING * * *
Your shield and chain mail prevent you from hitting Menkaure.
Your headbutt misses Menkaure.
Menkaure is lightly damaged.
You block Menkaure's attack. Menkaure hits you!
You die...

....# #M.## #....##
.....# ...# #.......
.....# #..###......
#....### #...#.....#
#....###รท.......####
##
#......)..........##..
##...................
#....M[.##........#
.######...@.####......#
............# ##....##
..........<## #....#
#########.### ##..##
#...#### #..#######
#......###.........
#.####.....######.. ###
####.## #.#


You could see Menkaure.

Vanquished Creatures
  An ogre (D:4)
  A howler monkey (D:3)
  A crimson imp (D:3)
  4 orc priests
  3 orc wizards
  Terence (D:2)
  A worker ant (D:4)
  An adder (D:3)
  A shadow imp (D:2)
  An ooze (D:3)
  A worm (D:3)
  A dart slug (D:3)
  2 leopard geckos (D:3)
  4 orcs
  A giant cockroach (D:3)
  A hobgoblin (D:1)
  A quokka (D:3)
  7 bats
  2 frilled lizards
  5 kobolds
  3 rats (D:3)
43 creatures vanquished.

Notes
Turn   | Place    | Note
-------+----------+-------------------------------------------
     0 | D:1      | Lanoc the Minotaur Fighter began the quest for the Orb.
     0 | D:1      | Reached XP level 1. HP: 19/19 MP: 0/0
   144 | D:2      | Noticed Terence
   154 | D:2      | Killed Terence
   154 | D:2      | Reached XP level 2. HP: 22/27 MP: 1/1
   154 | D:2      | Reached XP level 3. HP: 27/33 MP: 2/2
   170 | D:2      | Reached skill level 1 in Dodging
   366 | D:3      | Reached XP level 4. HP: 11/40 MP: 3/3
   679 | D:3      | Reached XP level 5. HP: 47/47 MP: 4/4
  1299 | D:4      | Reached skill level 5 in Axes
  1325 | D:4      | Reached XP level 6. HP: 29/55 MP: 5/5
  1343 | D:4      | Got a brightly glowing leather armour
  1365 | D:3      | Identified the +0 leather armour "Fiorru Citsa" {+Inv MR+
                  | rCorr} (You found it on level 4 of the Dungeon)
  1442 | D:4      | Reached skill level 5 in Armour
  1444 | D:4      | Reached skill level 5 in Fighting
  1477 | D:4      | Noticed Menkaure
  1653 | D:4      | Slain by Menkaure

Levels and vault maps discovered:
D:1:      sevenhm_arrival_forest_fort_large_2, layout_basic
D:2:      layout_rooms, chequers_ecumenical_altar_simple_redux,
          chequers_serial_rivers_marsh, uniq_terence
D:3:      layout_basic
D:4:      layout_layer_cave, cheibriados_altar_1, uniq_menkaure

Skill      XL: |  1  2  3  4  5  6 |
---------------+-------------------+-----
Axes           | 3 4 5 |  5.7
Dodging        | 1 2 3 |  3.1
Shields        | 4 |  4.0
Armour         | 4 5 |  5.2
Fighting       | 4 5 |  5.1

Action                   |  1- 3 |  4- 6 || total
-------------------------+-------+-------++-------
Melee: War axe           |    51 |   135 ||   186
       Headbutt          |     6 |    13 ||    19
  Use: Scroll            |     3 |     4 ||     7
       Potion            |     2 |     3 ||     5
  Eat: Chunk             |       |     3 ||     3
Armor: Scale mail        |    25 |       ||    25
       Chain mail        |     8 |    80 ||    88
       Skin              |     5 |    11 ||    16
Dodge: Dodged            |    16 |    26 ||    42
Block: Shield            |    32 |    63 ||    95

Table legend:
 A = Non-vault XP
 B = Vault XP
 C = Vault XP percentage of total XP
 D = Non-vault monster count
 E = Vault monster count
 F = Vault count percentage of total count
                 A         B        C        D         E       F
            +---------+---------+-------+---------+---------+-------
      Total |     616 |      36 |   5.5 |      42 |       1 |   2.3
            +---------+---------+-------+---------+---------+-------
        D:1 |       4 |       0 |   0.0 |       3 |       0 |   0.0
        D:2 |      17 |      36 |  67.9 |       5 |       1 |  16.7
        D:3 |     279 |       0 |   0.0 |      25 |       0 |   0.0
        D:4 |     316 |       0 |   0.0 |       9 |       0 |   0.0
            +---------+---------+-------+---------+---------+-------
